 Dungeon Crawl Stone Soup version 0.27.0-1-g7a089689b8 (webtiles) character file.

Game seed: 10070462084238431138

100 SnakkuSnakku7 the Sneak (level 4, -2/25 HPs)
             Began as a Deep Elf Brigand on Aug 12, 2021.
             Slain by a jackal (3 damage)
             ... on level 3 of the Dungeon.
             The game lasted 00:04:38 (2528 turns).

SnakkuSnakku7 the Sneak (Deep Elf Brigand)          Turns: 2528, Time: 00:04:39

Health: -2/25      AC:  7    Str:  9    XL:     4   Next: 47%
Magic:  6/6        EV: 10    Int: 16    God:
Gold:   141        SH:  0    Dex: 16    Spells: 3/3 levels left

rFire    . . .     SeeInvis .   a - +2 spear (venom)
rCold    . . .     Faith    .   (no shield)
rNeg     . . .     Spirit   .   k - +0 ring mail {Will+}
rPois    .         Reflect  .   o - +0 helmet
rElec    .         Harm     .   c - +0 cloak
rCorr    .         Rampage  .   (no gloves)
Will     +....                  (no boots)
Stlth    ++........             (no amulet)
HPRegen  0.08/turn              (no ring)
MPRegen  0.10/turn              (no ring)

@: attractive
A: no striking features
a: no special abilities


You were on level 3 of the Dungeon.
You visited 1 branch of the dungeon, and saw 4 of its levels.

You collected 141 gold pieces.

Inventory:

Hand Weapons
 a - a +2 spear of venom (weapon)
 j - a +2 dagger
Missiles
 d - 22 poisoned darts (quivered)
 e - 2 curare-tipped darts
 n - 50 arrows
Armour
 b - a +0 robe
 c - a +0 cloak (worn)
 f - a +0 leather armour
 h - a +0 plate armour
 k - a +0 ring mail of willpower (worn)
 o - a +0 helmet (worn)
Scrolls
 g - a scroll of enchant armour {unknown}
 l - a scroll of teleportation {unknown}
 s - a scroll of fog {unknown}
 t - a scroll of identify {unknown}
 u - a scroll of torment {unknown}
Potions
 i - a potion of magic {unknown}
 m - a potion of might {unknown}
 q - a potion of invisibility {unknown}


   Skills:
 - Level 1.5 Fighting
 - Level 2.0 Short Blades
 + Level 4.8 Throwing
 - Level 1.2 Dodging
 - Level 4.8 Stealth


You had 3 spell levels left.
You didn't know any spells.
Your spell library was empty.

Dungeon Overview and Level Annotations

Branches:
Dungeon (4/15)
 Temple: D:4-7

Altars:
Fedhas


Message History

You feel sick. The jackal barely misses you.
The jackal bites you but does no damage.
There is a stone staircase leading up here.
You hit the jackal.
The jackal is heavily wounded.
You feel sick. The jackal bites you.
The jackal bites you but does no damage.
Unknown command.
You feel sick.
You are no longer poisoned.
The jackal barely misses you. The jackal closely misses you.
The adder bites you.
The jackal bites you but does no damage.
You climb upwards.
There is a stone staircase leading down here.
Unknown command.
You hit the adder.
The adder looks even sicker.
The adder is heavily wounded.
The jackal bites you but does no damage.
The adder bites you.
* * * LOW HITPOINT WARNING * * *
The jackal bites you but does no damage. x2
The adder closely misses you.
You hit the adder.
You kill the adder!
The jackal bites you but does no damage.
The jackal closely misses you. The jackal bites you.
* * * LOW HITPOINT WARNING * * *
The jackal bites you but does no damage.
Unknown command.
You closely miss the jackal.
The jackal is heavily wounded.
The jackal bites you but does no damage.
The jackal barely misses you. The jackal bites you.
* * * LOW HITPOINT WARNING * * *
Unknown command.
It was a potion of attraction.
You feel attractive to monsters. The jackal bites you.
You die...

.≈.≈.≈.≈.≈.≈.≈.####.##
#.#.######
⌠...⌠...⌠...⌠.#####.####.#.#
.≈.≈.≈.≈.≈.≈.≈...##.....?#.#
..⌠...⌠...⌠......##.######.#
.≈.≈.≈.≈.≈.≈.≈...##.# #.#
⌠...⌠.÷.⌠...⌠....##.# #.#
.≈÷≈.≈.≈.≈.≈.≈...##.######.#
.÷÷...⌠...⌠.....†##.#......#
.≈.≈.≈.≈.≈.≈.≈..@##.#.######
⌠...⌠...⌠...⌠..h.h....#
.≈.≈.≈.≈.≈.≈......###.#
##### ..#####)###.......#
#.# #...#####
[.............###.###.#
#.#......
......................#
#.PPP.###
#.#...................#


#PPP.P# ....#######.#.###.#.#.###PP_PP# #.### #..............PP..P# You could
see 2 jackals.

Vanquished Creatures
  3 adders
  3 worms
  2 dart slugs
  5 ball pythons
  5 endoplasms
  4 giant cockroaches
  6 hobgoblins
  4 jackals (D:3)
  A quokka (D:1)
  4 bats
  4 frilled lizards
  5 goblins
  7 kobolds
  4 rats
57 creatures vanquished.

Notes
Turn   | Place    | Note
-------+----------+-------------------------------------------
     0 | D:1      | SnakkuSnakku7 the Deep Elf Brigand began the quest for the
                  | Orb.
     0 | D:1      | Reached XP level 1. HP: 12/12 MP: 3/3
   214 | D:1      | Reached XP level 2. HP: 11/16 MP: 4/4
   711 | D:1      | Reached XP level 3. HP: 20/20 MP: 5/5
   759 | D:2      | Noticed a shining eye
   761 | D:2      | Found a faded altar of an unknown god.
   762 | D:2      | Noticed a great orb of eyes
   762 | D:2      | Noticed an eye of devastation
   762 | D:2      | Noticed a shining eye
  1739 | D:3      | Found a blossoming altar of Fedhas.
  1776 | D:3      | Reached XP level 4. HP: 12/25 MP: 6/6
  2527 | D:3      | HP: 1/25 [jackal (2)]
  2528 | D:3      | Slain by a jackal

Illustrated notes

Levels and vault maps discovered:
D:1:      dpeg_arrival_rooms_a, layout_basic
D:2:      mumra_celtic_spiral_tile, layout_rooms,
          hellmonk_ecumenical_altar_watching_god
D:3:      layout_loops_ring, fedhas_altar_3, kennysheep_crisscross,
          minmay_misc_feat_nine_boxes
D:4:      layout_layer_cave, nzn_hepliaklqana_mist_gate, minmay_small_thing,
          uniq_ijyb, uniq_menkaure, uniq_duvessa

Skill      XL: |  1  2  3 |
---------------+----------+-----
Throwing       | 3 4 |  4.8
Fighting       | |  1.5
Short Blades   | |  2.0
Dodging        | |  1.2
Stealth        | |  4.8

Action                   |  1- 3 |  4- 6 || total
-------------------------+-------+-------++-------
Melee: Dagger            |    52 |       ||    52
       Spear             |    86 |    38 ||   124
  Use: Scroll            |       |     1 ||     1
       Potion            |       |     1 ||     1
 Stab: Sleeping          |     6 |     2 ||     8
Armor: Leather armour    |     7 |       ||     7
       Ring mail         |    23 |    21 ||    44
Dodge: Dodged            |    61 |    25 ||    86
